 Dungeon Crawl Stone Soup version 0.30.0 (webtiles) character file.

Game seed: 15000961793237176816

43 samcosmo the Grasshopper (level 3, -4/31 HPs)
             Began as an Armataur Warper on July 5, 2023.
             Slain by an iguana (10 damage)
             ... on level 3 of the Dungeon.
             The game lasted 00:02:52 (1545 turns).

samcosmo the Grasshopper (Armataur Warper)          Turns: 1545, Time: 00:02:53

Health: -4/31      AC:  4    Str: 18    XL:     3   Next: 37%
Magic:  6/6        EV:  9    Int: 13    God:
Gold:   86         SH:  0    Dex:  9    Spells: 6/6 levels left

rFire   . . .        a - +0 mace
rCold   . . .        (no shield)
rNeg    . . .        b - +0 leather armour
rPois   .            (no helmet)
rElec   .            (no cloak)
rCorr   +            (no gloves)
SInv    .            (no barding)
Will    .....        m - amulet of regeneration
Stlth   +            o - ring of resist corrosion
HPRegen 1.05/turn    (no ring)
MPRegen 0.10/turn

%: roll
@: no status effects
A: large, rugged brown scales 3, deformed body, armoured tail, roll, long
tongue, awkward tongue
a: no special abilities


You were on level 3 of the Dungeon.
You visited 1 branch of the dungeon, and saw 3 of its levels.

You collected 86 gold pieces.

Inventory:

Hand Weapons
 a - a +0 mace (weapon)
Missiles
 d - 7 boomerangs of dispersal (quivered)
Armour
 b - a +0 leather armour (worn)
Jewellery
 m - an amulet of regeneration (around neck)
 o - a ring of resist corrosion (left hand)
Scrolls
 c - a scroll of blinking
 f - a scroll of summoning {unknown}
 k - a scroll of identify {unknown}
 n - a scroll of immolation {unknown}
 p - a scroll of fog {unknown}
 q - a scroll of enchant armour {unknown}
 r - a scroll of magic mapping {unknown}
Potions
 e - 4 potions of heal wounds {unknown}
 g - a potion of haste {unknown}
 h - a potion of brilliance {unknown}
 i - a potion of ambrosia {unknown}
 j - a potion of curing {unknown}
 l - a potion of attraction {unknown}


   Skills:
 + Level 2.2 Fighting
 + Level 2.2 Maces & Flails
 - Level 0.8 Throwing
 - Level 1.2 Armour
 - Level 1.3 Dodging
 + Level 2.1 Spellcasting
 * Level 3.6 Translocations


You had 6 spell levels left.
You didn't know any spells.
Your spell library contained the following spells:

 Spells                   Type           Power      Damage    Failure   Level
 Blink                    Tloc           20%        N/A       10%         2
 Lesser Beckoning         Tloc           20%        N/A       10%         2
 Teleport Other           Tloc           10%        N/A       21%         3
 Vhi's Electric Charge    Tloc/Air       12%        N/A       38%         3
 Manifold Assault         Tloc           10%        N/A       54%         4


Dungeon Overview and Level Annotations

Branches:
Dungeon (3/15)

Altars:


Innate Abilities, Weirdness & Mutations

You are completely covered in rugged brown scales. (AC +3, +7% HP)
Armour fits poorly on your strangely shaped body.
You have a long armoured tail.
You roll when moving toward enemies. (Rampage)
Your long tongue fully drains potion bottles. (2x potion effects)
Your tongue gives you trouble enunciating. (1.5x scroll delay)


Message History

You roll towards the bat!
You completely miss the bat. The bat closely misses you.
You roll towards the bat!
You closely miss the bat. The bat closely misses you.
You closely miss the bat. The bat hits you but does no damage.
You miss the bat. The bat hits you but does no damage. x2
You sock the iguana!
The iguana is heavily wounded.
The bat closely misses you. The iguana barely misses you.
You hit the iguana.
The iguana is almost dead.
The bat hits you but does no damage. The iguana barely misses you.
The bat hits you but does no damage.
You barely miss the iguana.
The iguana is almost dead.
The bat barely misses you. The iguana bites you! The iguana bites you.
You closely miss the iguana.
The iguana is almost dead.
The bat hits you but does no damage. x3; The iguana bites you!
You are too injured to fight recklessly!
You are too injured to fight recklessly!
You barely miss the iguana.
The iguana is almost dead.
The bat closely misses you. The iguana bites you!
* * * LOW HITPOINT WARNING * * *
The bat closely misses you.
Found 4 gold pieces.
The bat hits you.
* * * LOW HITPOINT WARNING * * *
You see here a scroll labelled XOPPIASEAL.
The bat hits you but does no damage. The bat hits you but does no damage.
You hit the iguana but do no damage. You tail-slap the iguana.
The iguana is almost dead.
The iguana barely misses you.
You hit the iguana but do no damage.
The iguana is almost dead.
The iguana bites you!
* * * LOW HITPOINT WARNING * * *
The iguana bites you!
You die...

#.......<..........
#....:....###......
#.........##. #..
#>..?........# #.
##.#######...# #.
#.# .### ## #b# ##
#l# #@# #.# #.# #.
..# #. ### #.. ...
... #.. ..


You could see an iguana and a bat.

Vanquished Creatures
  A worm (D:2)
  A dart slug (D:1)
  An orc (D:2)
  5 endoplasms
  2 giant cockroaches
  3 goblins
  3 hobgoblins
  4 ball pythons
  4 bats
  3 frilled lizards
  5 kobolds
  3 rats (D:1)
35 creatures vanquished.

Notes
Turn   | Place    | Note
-------+----------+-------------------------------------------
     0 | D:1      | samcosmo the Armataur Warper began the quest for the Orb.
     0 | D:1      | Reached XP level 1. HP: 18/18 MP: 3/3
    96 | D:1      | Reached XP level 2. HP: 17/25 MP: 4/4
   759 | D:2      | Reached XP level 3. HP: 31/31 MP: 6/6
  1491 | D:3      | Noticed an ogre
  1534 | D:3      | HP: 1/31 [iguana (12)]
  1545 | D:3      | Slain by an iguana

Illustrated notes

Levels and vault maps discovered:
D:1:      mrwooster_arrival_statue, layout_basic,
          nicolae_concentric_dashed_squares_wild, minmay_pentomino_q2
D:2:      layout_loops_ring, corexii_leaking_fountain
D:3:      cheibrodos_greedy_goblins, layout_rooms,
          gammafunk_ghost_nasty_kobolds, nicolae_figureground_pulse,
          uniq_crazy_yiuf_cottage

Skill      XL: |  1  2 |
---------------+-------+-----
Fighting       | 2 |  2.2
Maces & Flails | 2 |  2.2
Spellcasting   | 2 |  2.1
Throwing       | |  0.8
Armour         | |  1.2
Dodging        | |  1.3
Translocations | |  3.6

Action                     || total
---------------------------++-------
  Melee: Mace              ||   107
         Tailslap          ||     7
         Punch             ||     1
 Armour: Leather armour    ||    43
  Dodge: Dodged            ||    55
